 Dungeon Crawl Stone Soup version 0.15.0-12-gccce430 (webtiles) character file.

163 CrazyArbalest the Bolt Thrower (level 5, -4/38 HPs)
             Began as a Demonspawn Hunter on Sept 1, 2014.
             Slain by a gnoll
             ... wielding a cursed -1 whip
              (6 damage)
             ... on Level 4 of the Dungeon.
             The game lasted 00:09:54 (2797 turns).

CrazyArbalest the Bolt Thrower (Demonspawn Hunter)  Turns: 2797, Time: 00:09:54

HP  -4/38        AC  7     Str 12      XL: 5   Next: 20%
MP   5/5         EV 12     Int 13      God:
Gold 7           SH  0     Dex 14      Spells:  0 memorised,  4 levels left

rFire  . . .     SeeInvis .     a - +0 short sword
rCold  . . .     Clarity  .     d - +0 leather armour
rNeg   . . .     rCorr    .     (no shield)
rPois  .         rRot     .     (no helmet)
rElec  .         Spirit   .     (no cloak)
SustAb .         Warding  .     (no gloves)
rMut   .         Stasis   .     (no boots)
Gourm  .                        (no amulet)
MR     .....                    (no ring)
                                (no ring)

@: not resistant to hostile enchantments, very unstealthy
A: talons 1, iridescent scales 1, powered by pain 1
a: no special abilities


You were on level 4 of the Dungeon.
You were not hungry.

You visited 1 branch of the dungeon, and saw 4 of its levels.

You collected 167 gold pieces.
You spent 160 gold pieces at shops.

Inventory:

Hand weapons
 a - a +0 short sword (weapon)
 b - a +1 hand crossbow
Armour
 d - a +0 leather armour (worn)
 k - a cursed +0 buckler
Comestibles
 f - 2 bread rations
 o - 4 meat rations
 x - a chunk of ball python flesh
Scrolls
 e - a scroll of fog {unknown}
 g - a scroll of magic mapping {unknown}
 h - 3 scrolls of identify {unknown}
 i - a scroll of fear {unknown}
 j - 4 scrolls of teleportation {unknown}
 l - 2 scrolls of enchant weapon {unknown}
 q - a scroll of noise {unknown}
Jewellery
 r - an uncursed ring of sustain abilities {unknown}
Potions
 m - 3 potions of curing
 n - a potion of poison {unknown}
 p - a potion of agility {unknown}
 s - a potion of invisibility {unknown}
 t - a potion of heal wounds
 v - a potion of flight {unknown}
 w - a potion of haste


   Skills:
 + Level 2.0 Fighting
 + Level 1.0 Short Blades
 + Level 4.4 Crossbows
 + Level 1.7 Armour
 + Level 2.9 Dodging
 + Level 0.8 Stealth


You had 4 spell levels left.
You didn't know any spells.

Dungeon Overview and Level Annotations

Branches:
Dungeon (4/15)             Temple (0/1) D:4

Altars:
Ashenzari

Shops:
D:4 !


Innate Abilities, Weirdness & Mutations

You have sharp toenails.
You are partially covered in iridescent scales (AC +4).
You sometimes gain a little power by taking damage.


Message History

The gnoll is moderately wounded.
The gnoll barely misses you. The gnoll closely misses you.
Wield which item (- for none, * to show all)? (? for menu, Esc to quit)
a - a +0 short sword (weapon)
The gnoll barely misses you.
You hit the gnoll but do no damage. You claw the gnoll, but do no damage.
The gnoll is moderately wounded.
The gnoll hits you with a whip.
* * * LOW HITPOINT WARNING * * *
The gnoll hits you but does no damage.
You hit the gnoll but do no damage.
The gnoll is moderately wounded.
The gnoll hits you with a whip.
* * * LOW HITPOINT WARNING * * *
The gnoll hits you but does no damage. The gnoll hits you but does no damage.
You hit the gnoll. Your kick misses the gnoll.
The gnoll is severely wounded.
The gnoll hits you with a whip.
You die...

.... ##...##
### #...# .
#..## ..##
##..#
#....###.(##
#......#
##....## ###
###.(##
#@######(.#
##gg##.8.#.#
#........(.#
##...8.>.8##
#........#
#...#.8.##
##....###
#.....
#......


You could see 2 gnolls.

Vanquished Creatures
  An iguana (D:4)
  A worker ant (D:4)
  2 gnolls (D:4)
  3 adders
  A worm (D:2)
  3 giant geckos
  4 orcs (D:3)
  A ball python (D:4)
  8 bats
  3 giant cockroaches
  2 goblins
  5 hobgoblins
  4 jackals (D:3)
  9 kobolds
  A quokka (D:3)
  2 giant newts
  A kobold skeleton (D:3)
  3 rats
54 creatures vanquished.

Notes
Turn   | Place    | Note
--------------------------------------------------------------
     0 | D:1      | CrazyArbalest, the Demonspawn Hunter, began the quest for the Orb.
     0 | D:1      | Reached XP level 1. HP: 15/15 MP: 1/1
   529 | D:1      | Gained mutation: You are partially covered in iridescent scales (AC +4). [demonic ancestry]
   529 | D:1      | Reached XP level 2. HP: 21/21 MP: 2/2
   637 | D:2      | Reached skill level 4 in Crossbows
   782 | D:2      | Gained mutation: You sometimes gain a little power by taking damage. [demonic ancestry]
   782 | D:2      | Reached XP level 3. HP: 26/26 MP: 3/3
  1220 | D:3      | Found a shattered altar of Ashenzari.
  1631 | D:3      | Reached XP level 4. HP: 18/32 MP: 4/4
  2063 | D:3      | Reached skill level 1 in Armour
  2415 | D:4      | Found Vaec's Distillery.
  2418 | D:4      | Bought a potion of curing for 20 gold pieces
  2418 | D:4      | Bought a potion of heal wounds for 30 gold pieces
  2418 | D:4      | Bought a potion of curing for 20 gold pieces
  2418 | D:4      | Bought a potion of haste for 70 gold pieces
  2418 | D:4      | Bought a potion of curing for 20 gold pieces
  2765 | D:4      | Reached skill level 1 in Short Blades
  2765 | D:4      | Gained mutation: You have sharp toenails. [demonic ancestry]
  2765 | D:4      | Reached XP level 5. HP: 20/38 MP: 5/5
  2774 | D:4      | Found a staircase to the Ecumenical Temple.
  2789 | D:4      | HP: 1/38 [gnoll/whip (2)]
  2797 | D:4      | Slain by a gnoll

Action                   |  1- 3 |  4- 6 || total
-------------------------+-------+-------++-------
Melee: Short sword       |   130 |    56 ||   186
 Fire: Hand crossbow     |    22 |    31 ||    53
  Use: Potion            |     2 |       ||     2
 Stab: Sleeping          |       |     1 ||     1
  Eat: Chunk             |     2 |     4 ||     6
